 Dungeon Crawl Stone Soup version 0.31-a0-1529-g7bd419a0e5 (webtiles) character file.

Game seed: 12872089926370030207

62 Curundu the Slasher (level 3, -5/34 HPs)
             Began as a Minotaur Berserker on Jan 1, 2024.
             Was a Believer of Trog.
             Slain by an iguana (12 damage)
             ... on level 2 of the Dungeon.
             The game lasted 00:02:39 (1046 turns).

Curundu the Slasher (Minotaur Berserker)            Turns: 1046, Time: 00:02:39

Health: -5/34      AC:  6    Str: 23    XL:     3   Next: 85%
Magic:  2/2        EV: 10    Int:  4    God:    Trog [**....]
Gold:   65         SH:  0    Dex:  9    Spells: 2/2 levels left

rFire   . . .        a - +0 falchion
rCold   . . .        (no shield)
rNeg    . . .        j - +0 scale mail
rPois   .            (helmet restricted)
rElec   .            (no cloak)
rCorr   .            (no gloves)
SInv    .            (no boots)
Will    .....        (no amulet) Stlth
                     (no ring)
HPRegen 0.25/turn    (no ring)
MPRegen 0.08/turn

%: no passive effects
@: no status effects
A: horns 2, retaliatory headbutt
a: Renounce Religion, Berserk, Trog's Hand


You were on level 2 of the Dungeon.
You worshipped Trog.
Trog was pleased with you.
You visited 1 branch of the dungeon, and saw 2 of its levels.

You collected 65 gold pieces.

Inventory:

Hand Weapons
 a - a +0 falchion (weapon)
Armour
 j - a +0 scale mail (worn)
Scrolls
 c - a scroll of enchant weapon {unknown}
 d - 2 scrolls of identify {unknown}
 f - a scroll of fog {unknown}
 h - 2 scrolls of poison {unknown}
Potions
 b - a potion of resistance {unknown}
 e - 2 potions of enlightenment {unknown}
 g - 2 potions of invisibility {unknown}
 i - a potion of curing {unknown}


   Skills:
 + Level 4.3 Fighting
 + Level 4.9 Long Blades
 + Level 2.9 Armour
 + Level 2.4 Dodging


You had 2 spell levels left.
You didn't know any spells.
Your spell library was empty.

Dungeon Overview and Level Annotations

Branches:
Dungeon (2/15)

Altars:


Innate Abilities, Weirdness & Mutations

You have a pair of horns on your head.
You reflexively headbutt those who attack you in melee.


Message History

Things that are here:
a +0 dagger; a goblin corpse
There is a stone staircase leading down, spattered with blood here.
You see here a rat corpse.
Found a dagger.
An iguana comes into view.
Found a glowing clear potion.
The iguana hisses angrily.
An iguana is nearby!
Found 12 gold pieces.
Found a stone staircase leading down.
You hit the iguana but do no damage. The iguana closely misses you.
You furiously retaliate!
You headbutt the iguana, but do no damage.
You hit the iguana but do no damage. The iguana bites you!
You barely miss the iguana. Your headbutt misses the iguana.
The iguana bites you!
You hit the iguana.
The iguana is moderately wounded.
The iguana barely misses you.
You hit the iguana but do no damage.
The iguana is moderately wounded.
The iguana barely misses you. The iguana bites you!
* * * LOW HITPOINT WARNING * * *
You hit the iguana but do no damage.
The iguana is moderately wounded.
The iguana barely misses you.
You hit the iguana but do no damage.
The iguana is moderately wounded.
The iguana barely misses you. You furiously retaliate!
You headbutt the iguana! You hit the iguana but do no damage.
The iguana is almost dead.
The iguana barely misses you.
You barely miss the iguana. Your headbutt misses the iguana.
The iguana is almost dead.
The iguana bites you but does no damage.
You barely miss the iguana.
The iguana is almost dead.
The iguana bites you!
You die...

#.......#####.##.#
########
........#####....##
#.......#.........#
#.................#
#(......#.........#
#.......#.........#
#.........#
#.........###
#.......@...#
#....!..l...#
#......).....#
#.............#
#............$..
#?..........##.>
#..!........# ##
############


You could see an iguana.

Vanquished Creatures
  Jessica (D:2)
  A dart slug (D:2)
  4 ball pythons
  3 endoplasms
  3 goblins
  4 hobgoblins
  4 jackals (D:2)
  4 bats (D:1)
  3 frilled lizards (D:1)
  2 kobolds (D:1)
  3 rats
32 creatures vanquished.

Notes
Turn   | Place    | Note
-------+----------+-------------------------------------------
     0 | D:1      | Curundu the Minotaur Berserker began the quest for the Orb.
     0 | D:1      | Reached XP level 1. HP: 19/19 MP: 0/0
   169 | D:1      | Reached XP level 2. HP: 25/27 MP: 1/1
   334 | D:1      | Found a faded altar of an unknown god.
   786 | D:2      | Reached ** piety under Trog
   881 | D:2      | Reached XP level 3. HP: 28/33 MP: 2/2
   888 | D:2      | Noticed Jessica
   901 | D:2      | Killed Jessica
  1046 | D:2      | Slain by an iguana

Illustrated notes

Levels and vault maps discovered:
D:1:      grunt_arrival_crossed_arrows, layout_basic,
          chequers_ecumenical_altar_lobes
D:2:      layout_basic, basic_altar, uniq_sigmund, uniq_jessica

Skill      XL: |  1  2 |
---------------+-------+-----
Long Blades    | 4 |  4.9
Fighting       | 4 |  4.3
Armour         | |  2.9
Dodging        | |  2.4

Action                     || total
---------------------------++-------
  Melee: Falchion          ||    68
         Headbutt          ||     5
         Punch             ||     1
 Armour: Animal skin       ||    16
         Scale mail        ||    26
         Skin              ||     1
  Dodge: Dodged            ||    61

Table legend: (Time is in decaauts)
 A = Elapsed time spent in this place.
 B = Non-inter-level travel time spent in this place.
 C = Inter-level travel time spent in this place.
 D = Time resting spent in this place.
 E = Time spent auto-exploring this place.
 F = Levels seen in this place.
 G = Mean time per level.
                   A        B        C        D        E       F      G
               +--------+--------+--------+--------+--------+-----+--------+
         Total |   1055 |   1053 |      2 |     99 |    723 |   2 |  527.5 |
       Dungeon |   1055 |   1053 |      2 |     99 |    723 |   2 |  527.5 |
               +--------+--------+--------+--------+--------+-----+--------+

Top non-repeatable levels by time:
     D:1: 783 daAuts
     D:2: 271 daAuts
